 Dungeon Crawl Stone Soup version 0.23.0 (webtiles) character file.

Game seed: 1508673242584713216

41 tv1990 the Chopper (level 3, -3/30 HPs)
             Began as a Formicid Monk on Feb 8, 2019.
             Killed by nerve-wracking pain
             ... invoked by an orc priest
              (7 damage)
             ... on level 3 of the Dungeon.
             The game lasted 00:04:21 (1642 turns).

tv1990 the Chopper (Formicid Monk)                  Turns: 1642, Time: 00:04:21

Health: -3/30      AC:  9    Str: 15    XL:     3   Next: 75%
Magic:  3/3        EV:  7    Int: 14    God:
Gold:   122        SH:  0    Dex: 14    Spells: 2/2 levels left

rFire    . . .     SeeInvis +   a - +0 hand axe
rCold    . . .     Gourm    .   (no shield)
rNeg     . . .     Faith    .   j - +0 chain mail
rPois    .         Spirit   .   (helmet unavailable)
rElec    .         Reflect  .   o - +0 cloak
rCorr    .         Harm     .   (no gloves)
MR       .....                  (no boots)
Stlth    ..........             (no amulet)
HPRegen  0.10/turn              (no ring)
MPRegen  0.08/turn              (no ring)

@: brilliant, flying
A: permanent stasis, dig shafts and tunnels, four strong arms, antennae 3
a: Dig, Shaft Self


You were on level 3 of the Dungeon.
You were not hungry.

You visited 1 branch of the dungeon, and saw 3 of its levels.

You collected 122 gold pieces.

Inventory:

Hand Weapons
 a - a +0 hand axe (weapon)
Armour
 b - a +0 robe
 f - a +0 scale mail
 j - a +0 chain mail (worn)
 o - a +0 cloak (worn)
Jewellery
 i - a +5 amulet of reflection {unknown}
Scrolls
 e - a scroll of remove curse {unknown}
 g - a scroll of enchant weapon {unknown}
 h - a scroll of enchant armour {unknown}
 k - a scroll of fear {unknown}
 l - 2 scrolls of identify {unknown}
Comestibles
 c - 3 rations
 d - a chunk of flesh


   Skills:
 + Level 3.7 Fighting
 * Level 3.9 Axes
 + Level 1.1 Armour
 - Level 2.6 Dodging
 - Level 2.4 Stealth


You had 2 spell levels left.
You didn't know any spells.
Your spell library was empty.

Dungeon Overview and Level Annotations

Branches:
Dungeon (3/15)

Altars:
Elyvilon


Innate Abilities, Weirdness & Mutations

You cannot be hasted, slowed, berserked, paralysed or teleported.
You can dig through walls and to a lower floor.
Your four strong arms can wield two-handed weapons with a shield.
You have a pair of large antennae on your head. (SInv)


Message History

You hit the orc priest but do no damage.
The orc priest barely misses you.
You hit the orc priest but do no damage.
The orc priest hits you with a +0 whip.
The orc priest mumbles some strange prayers to Beogh against you.
Beogh smites you!
Ouch! That really hurt!
* * * LOW HITPOINT WARNING * * *
You hear a shout! x2
It was a potion of flight.
You feel very buoyant.
You fly up into the air.
The orc priest hits you but does no damage.
It was a potion of brilliance.
You feel clever all of a sudden.
The orc priest hits you but does no damage.
Your chain mail prevents you from hitting the orc priest.
The orc priest calls down the wrath of Beogh upon you.
Pain shoots through your body!
You die...

{ ###.#####
o{o.....#
###.###.#
#..#{...#
#.#.#####
#.#.{#@#
#)#.#{#o##
#<#...##.##
#.#.#..##.#
#.#..#.#[####
#.#.........#
#.####.####.#
#####.####.##
..
#........รท..#
##


You could see an orc priest.

Vanquished Creatures
  An adder (D:2)
  2 orcs (D:3)
  A ball python (D:2)
  2 giant cockroaches (D:1)
  3 goblins
  3 hobgoblins
  6 bats
  A frilled lizard (D:1)
  3 kobolds
  10 rats
32 creatures vanquished.

Notes
Turn   | Place    | Note
-------+----------+-------------------------------------------
     0 | D:1      | tv1990 the Formicid Monk began the quest for the Orb.
     0 | D:1      | Reached XP level 1. HP: 18/18 MP: 1/1
   170 | D:1      | Reached XP level 2. HP: 24/24 MP: 2/2
  1030 | D:2      | Reached XP level 3. HP: 24/29 MP: 3/3
  1174 | D:2      | Found a white marble altar of Elyvilon.
  1244 | D:2      | Reached skill level 1 in Armour
  1642 | D:3      | Killed from afar by an orc priest

Skill      XL: |  1  2  3 |
---------------+----------+-----
Armour         | 1 |  1.1
Fighting       | |  3.7
Axes           | |  3.9
Dodging        | |  2.6
Stealth        | |  2.4

Action                   || total
-------------------------++-------
Melee: Hand axe          ||   104
 Abil: Dig               ||     1
  Use: Potion            ||     2
 Stab: Sleeping          ||     1
  Eat: Chunk             ||     2
Armor: Robe              ||     3
       Scale mail        ||     8
       Chain mail        ||    51
Dodge: Dodged            ||    33

Levels and vault maps discovered:
D:1:      kennysheep_arrival_forest, layout_basic
D:2:      layout_rooms, serial_bayou_pond_d, elyvilon_altar_5
D:3:      layout_loops_ring, nicolae_overflow_crystal_walls,
          ebering_ghost_sewer_f, minivault_24
